 Dungeon Crawl Stone Soup version 0.31-a0-230-g09eb5fc4d3 (webtiles) character file.

Game seed: 3656078922064002509

214 qw the Covered (level 5, -4/30 HPs)
             Began as a Gargoyle Hexslinger on July 6, 2023.
             Slain by a cerulean imp
             ... wielding a +1 spear
             ... summoned by Natasha
              (5 damage)
             ... on level 3 of the Dungeon.
             The game lasted 00:00:27 (1450 turns).

qw the Covered (Gargoyle Hexslinger)                Turns: 1450, Time: 00:00:28

Health: -4/30      AC: 13    Str: 11    XL:     5   Next: 92%
Magic:  6/6        EV: 10    Int: 14    God:
Gold:   47         SH:  0    Dex: 14    Spells: 5/6 levels left

rFire   . . .        Y - +2 sling
rCold   . . .        (no shield)
rNeg    + . .        i - +0 ring mail
rPois   inf          (no helmet)
rElec   +            (no cloak)
rCorr   .            (no gloves)
SInv    .            d - +2 pair of boots
Will    .....        (no amulet)
Stlth   +            (no ring)
HPRegen 0.25/turn    (no ring)
MPRegen 0.10/turn

%: no passive effects
@: slowed, very slow
A: sickness immunity, AC +4, negative energy resistance 1, electricity
resistance, torment resistance 1, petrification resistance
a: no special abilities


You were on level 3 of the Dungeon.
You visited 1 branch of the dungeon, and saw 3 of its levels.

You collected 135 gold pieces.
You spent 88 gold pieces at shops.


Innate Abilities, Weirdness & Mutations

You are immune to sickness and miasma.
Your stone body is resilient. (AC +4)
You are immune to poison.
You resist negative energy. (rN+)
You are resistant to electric shocks. (rElec)
You are resistant to unholy torment.
You are immune to petrification.


   Skills:
 - Level 2.1 Fighting
 + Level 3.5 Ranged Weapons
 - Level 4.6 Armour
 - Level 1.5 Dodging
 - Level 1.0 Spellcasting
 - Level 2.6 Hexes


You had 5 spell levels left.
You knew the following spells:

 Your Spells              Type           Power      Damage    Failure   Level
a - Slow                  Hex            32%        N/A       19%         1

Your spell library contained the following spells:

 Spells                   Type           Power      Damage    Failure   Level
 Inner Flame              Hex/Fire       4%         N/A       69%         3
 Portal Projectile        Hex/Tloc       8%         N/A       69%         3
 Cause Fear               Hex            4%         N/A       88%         4

Inventory:

Hand Weapons
 Y - a +2 sling (weapon)
Armour
 d - a +2 pair of boots (worn)
 i - a +0 ring mail (worn)
Potions
 b - a potion of haste {unknown}
 e - a potion of curing
 f - 2 potions of enlightenment
 g - a potion of lignification {unknown}
 h - a potion of resistance {unknown}
 j - a potion of degeneration {unknown}

Dungeon Overview and Level Annotations

Branches:
Dungeon (3/15)

Altars:
Nemelex Xobeh

Shops:
D:2 !

Annotations:
D:3 Natasha


Message History

You shoot a sling bullet.
The sling bullet hits Natasha but does no damage.
The orc hits you but does no damage. The cerulean imp misses you.
Natasha casts a spell.
The cerulean imp closely misses you. The orc hits you but does no damage.
The cerulean imp misses you. Natasha claws you.
The cerulean imp hits you but does no damage.
You shoot a sling bullet.
The sling bullet hits the cerulean imp but does no damage.
The orc misses you. Natasha claws you but does no damage.
The cerulean imp closely misses you.
The cerulean imp hits you from afar with a +1 spear.
The cerulean imp closely misses you. The orc misses you.
Natasha closely misses you.
The cerulean imp hits you but does no damage.
You shoot a sling bullet.
The sling bullet hits the cerulean imp but does no damage.
The cerulean imp barely misses you.
The cerulean imp hits you but does no damage.
The orc hits you but does no damage.
The cerulean imp hits you but does no damage.
Natasha claws you.
The cerulean imp hits you with a +1 spear.
The cerulean imp hits you but does no damage.
The orc hits you but does no damage. Natasha claws you but does no damage.
The cerulean imp hits you but does no damage.
The cerulean imp barely misses you. The cerulean imp misses you.
You shoot a sling bullet.
The sling bullet barely misses the cerulean imp.
The orc barely misses you. Natasha casts a spell at you.
You resist with some effort.
The cerulean imp hits you but does no damage.
The cerulean imp closely misses you.
The cerulean imp hits you but does no damage.
The orc barely misses you. Natasha barely misses you.
The cerulean imp hits you but does no damage.
The cerulean imp hits you from afar with a +1 spear.
The cerulean imp hits you with a +1 spear.
You die...

#... #..# #..#
#..#
####..########
#.....#5......
#..5.h.....#
##...o@...#
#$......5..#
#..........#
..........<#
#..........#
#..........#
###.........
#.#}.}.####
#..._..#


You could see Natasha, 3 cerulean imps and an orc.

Vanquished Creatures
  Sigmund (D:2)
  A hound (D:3)
  An adder (D:2)
  2 dart slugs
  2 ball pythons (D:1)
  A giant cockroach (D:1)
  2 goblins (D:2)
  2 hobgoblins
  2 jackals (D:2)
  2 kobolds
  A quokka (D:1)
  A bat (D:1)
  A frilled lizard (D:1)
  2 rats (D:2)
21 creatures vanquished.

Notes
Turn   | Place    | Note
-------+----------+-------------------------------------------
     0 | D:1      | qw the Gargoyle Hexslinger began the quest for the Orb.
     0 | D:1      | Reached XP level 1. HP: 12/12 MP: 2/2
     0 | D:1      | 0 ||| qw: Version: 0.3-a-46-gb1f654a
     0 | D:1      | 0 ||| qw: Game counter: 1784
     0 | D:1      | 0 ||| qw: Melee chars always use a shield: true
     0 | D:1      | 0 ||| qw: God list: Okawaru
     0 | D:1      | 0 ||| qw: Allow faded altars: false
     0 | D:1      | 0 ||| qw: Do Orc after clearing Dungeon:15 true
     0 | D:1      | 0 ||| qw: Do second Lair branch before Depths: true
     0 | D:1      | 0 ||| qw: Lair rune preference: random
     0 | D:1      | 0 ||| qw: Goals: Normal
     0 | D:1      | 0 ||| PLANNING D:1-11
   216 | D:1      | Reached XP level 2. HP: 16/16 MP: 3/3
   651 | D:1      | 651 ||| UPGRADING to +2 pair of boots.
   656 | D:1      | 656 ||| UPGRADING to +0 ring mail.
   666 | D:1      | 666 ||| DROPPING +0 robe.
   667 | D:1      | 667 ||| READING scroll labelled WIPNAHY LIAGEU.
   671 | D:1      | 671 ||| READING scroll labelled WISTOJ ICVIDWI.
   672 | D:1      | 672 ||| READING scroll labelled BUINOUQIRU.
   673 | D:1      | 673 ||| READING 2 scrolls labelled KIL ADISEKU.
   674 | D:1      | 674 ||| READING 2 scrolls labelled CIG XICYCZIM.
   675 | D:1      | 675 ||| DROPPING scroll of poison.
   676 | D:1      | 676 ||| DROPPING scroll of vulnerability.
   677 | D:1      | 677 ||| DROPPING scroll of immolation.
   771 | D:2      | Reached skill level 3 in Ranged Weapons
   923 | D:2      | Found Inkooz's Distillery.
   931 | D:2      | 931 ||| BUYING potion of curing (33 gold).
   931 | D:2      | Bought a potion of curing for 33 gold pieces
   931 | D:2      | 931 ||| BUYING potion of enlightenment (55 gold).
   931 | D:2      | Bought a potion of enlightenment for 55 gold pieces
   931 | D:2      | 931 ||| SHOPLISTING potion of mutation (88 gold, have 0).
   931 | D:2      | 931 ||| SHOPLISTING potion of resistance (110 gold, have
                  | 0).
   992 | D:2      | Reached XP level 3. HP: 20/21 MP: 4/4
  1213 | D:2      | Noticed Sigmund
  1224 | D:2      | Killed Sigmund
  1225 | D:2      | Reached skill level 4 in Armour
  1225 | D:2      | Reached XP level 4. HP: 20/26 MP: 5/5
  1225 | D:2      | Reached XP level 5. HP: 23/30 MP: 6/6
  1374 | D:2      | Found a faded altar of an unknown god.
  1412 | D:2      | 1412 ||| READING scroll labelled YGHIGU SAYDIS.
  1413 | D:2      | 1413 ||| READING scroll labelled PINGIJ XUOPPEA.
  1434 | D:3      | Found a sparkling altar of Nemelex Xobeh.
  1437 | D:3      | Noticed Natasha
  1449 | D:3      | HP: 6/30 [Natasha (6)]
  1450 | D:3      | HP: 1/30 [cerulean imp/+1 spear[Natasha] (2)]
  1450 | D:3      | Slain by a cerulean imp

Levels and vault maps discovered:
D:1:      spicycebolla_arrival_xxxplode, layout_loops_ring, serial_park_tiny_1
D:2:      layout_loops_cross, shapermc_ecumenical_altar_gd, serial_shops,
          shop_statue, uniq_sigmund
D:3:      layout_loops_ring, nemelex_xobeh_ov_fountains_minmay, uniq_natasha

Skill      XL: |  1  2  3 |
---------------+----------+-----
Ranged Weapons | 3 |  3.5
Fighting       | 2 |  2.1
Armour         | 4 |  4.6
Dodging        | |  1.5
Spellcasting   | |  1.0
Hexes          | |  2.6

Action                     |  1- 3 |  4- 6 || total
---------------------------+-------+-------++-------
   Fire: Sling             |    80 |    18 ||    98
    Use: Scroll            |     5 |     2 ||     7
 Armour: Robe              |     4 |       ||     4
         Ring mail         |    19 |    32 ||    51
  Dodge: Dodged            |    33 |    20 ||    53

Table legend:
 A = Non-vault XP
 B = Vault XP
 C = Vault XP percentage of total XP
 D = Non-vault monster count
 E = Vault monster count
 F = Vault count percentage of total count
                 A         B        C        D         E       F
            +---------+---------+-------+---------+---------+-------
      Total |      93 |     214 |  69.7 |      20 |       1 |   4.8
            +---------+---------+-------+---------+---------+-------
        D:1 |      18 |       0 |   0.0 |       9 |       0 |   0.0
        D:2 |      30 |     214 |  87.7 |      10 |       1 |   9.1
        D:3 |      45 |       0 |   0.0 |       1 |       0 |   0.0
            +---------+---------+-------+---------+---------+-------
